 Dungeon Crawl Stone Soup version 0.27.1 (webtiles) character file.

Game seed: 5812427993108511935

161 Kangaroobicon the Grasshopper (level 5, 0/41 HPs)
             Began as a Palentonga Warper on Aug 22, 2021.
             Slain by Dowan (2 damage)
             ... on level 4 of the Dungeon.
             The game lasted 00:36:00 (2506 turns).

Kangaroobicon the Grasshopper (Palentonga Warper)   Turns: 2506, Time: 00:36:02

Health: 0/41       AC:  9    Str: 15    XL:     5   Next: 18%
Magic:  6/8        EV:  4    Int: 13    God:
Gold:   111        SH:  0    Dex: 10    Spells: 0/8 levels left

rFire    . . .     SeeInvis +   y - +1 hand axe (venom)
rCold    . . .     Faith    .   (no shield)
rNeg     . . .     Spirit   .   p - +0 chain mail
rPois    .         Reflect  .   (no helmet)
rElec    .         Harm     .   E - +0 cloak
rCorr    .         Rampage  .   K - +0 pair of gloves
Will     .....                  (no barding)
Stlth    ..........             (no amulet)
HPRegen  0.13/turn              (no ring)
MPRegen  0.11/turn              (no ring)

@: very slightly contaminated
A: large, rugged brown scales 3, see invisible, deformed body, roll 1, armoured
tail
a: Rolling Charge


You were on level 4 of the Dungeon.
You visited 1 branch of the dungeon, and saw 4 of its levels.

You collected 111 gold pieces.

Inventory:

Hand Weapons
 a - a +0 mace
 f - a +0 short sword
 g - a +0 whip
 j - a +0 hunting sling
 n - a +0 dagger
 r - a +0 hand axe
 s - a +0 club
 y - a +1 hand axe of venom (weapon)
 G - a +0 trident
 H - a +0 flail
 I - a +0 war axe
 L - a +0 hand axe
Missiles
 d - 2 boomerangs of dispersal (quivered)
 k - 9 sling bullets
 q - 57 arrows
 t - 47 bolts
 w - 35 stones
 x - a throwing net
Armour
 b - a +0 leather armour
 i - a +0 leather armour
 p - a +0 chain mail (worn)
 A - a +0 robe
 E - a +0 cloak (worn)
 K - a +0 pair of gloves (worn)
Scrolls
 c - 2 scrolls of blinking
 e - 2 scrolls of identify {unknown}
 B - a scroll of summoning {unknown}
 C - 2 scrolls of teleportation {unknown}
 D - a scroll of enchant weapon {unknown}
 M - a scroll of amnesia {unknown}
Potions
 h - a potion of invisibility {unknown}
 l - a potion of might {unknown}
 m - 2 potions of haste {unknown}
 o - 2 potions of degeneration {unknown}
 u - a potion of cancellation {unknown}
 v - a potion of flight {unknown}
 z - a potion of lignification {unknown}
 F - a potion of attraction {unknown}
 J - a potion of heal wounds {unknown}


   Skills:
 + Level 2.5 Fighting
 + Level 0.1(1.9) Axes
 + Level 3.1 Maces & Flails
 + Level 1.3(1.5) Slings
 + Level 0.8(1.2) Throwing
 + Level 1.9 Armour
 + Level 1.9 Dodging
 + Level 2.1 Spellcasting
 + Level 3.3 Translocations


You couldn't memorise any spells.
You knew the following spells:

 Your Spells              Type           Power      Damage    Failure   Level
a - Slow                  Hex            1%         N/A       100%        2
b - Vampiric Draining     Necr           0%         2d6       100%        3
c - Blink                 Tloc           N/A        N/A       91%         2
d - Sandblast             Erth           2%         2d4       99%         1

Your spell library contained the following spells:

 Spells                   Type           Power      Damage    Failure   Level
 Gell's Gravitas          Tloc           5%         N/A       99%         3
 Lesser Beckoning         Tloc           5%         N/A       99%         3
 Teleport Other           Tloc           10%        N/A       99%         3
 Passwall                 Tmut/Erth      0%         N/A       100%        2
 Confusing Touch          Hex            1%         N/A       100%        3
 Fireball                 Conj/Fire      0%         3d3       100%        5
 Lee's Rapid Deconstruct  Erth           0%         3d5*      100%        5
 Manifold Assault         Tloc           10%        N/A       100%        5
 Starburst                Conj/Fire      0%         6d3       100%        6
 Ignition                 Fire           0%         3d3       100%        8


Dungeon Overview and Level Annotations

Branches:
Dungeon (4/15)
 Temple: D:4-7

Altars:
Zin

Annotations:
D:4 Dowan, Duvessa


Innate Abilities, Weirdness & Mutations

You are completely covered in rugged brown scales. (AC +3, +7% HP)
You have supernaturally acute eyesight. (SInv)
Armour fits poorly on your strangely shaped body.
You can roll at nearby foes to attack.
You have a long armoured tail.


Message History

You hit Duvessa but do no damage.
Duvessa is poisoned.
Duvessa barely misses you.
You hit Duvessa.
Duvessa looks even sicker.
Duvessa is lightly wounded.
You miss Dowan.
Duvessa hits you with a +2 short sword of speed!
Dowan hits you but does no damage.
Duvessa hits you with a +2 short sword of speed.
You hit Duvessa. You tail-slap Duvessa.
Duvessa is lightly wounded.
You barely miss Dowan. You hit the goblin but do no damage.
The goblin is poisoned.
Duvessa hits you with a +2 short sword of speed.
Dowan hits you with a +0 dagger.
Duvessa hits you with a +2 short sword of speed.
The goblin hits you but does no damage. Dowan barely misses you.
Dowan gestures wildly while chanting.
Dowan blinks!
You closely miss Duvessa.
Duvessa is moderately wounded.
You hit Dowan.
Dowan is poisoned.
You kill the goblin!
Dowan says, "My weaknesses are her strengths!"
Dowan hits you with a +0 dagger.
Duvessa hits you with a +2 short sword of speed!
* * * LOW HITPOINT WARNING * * *
Duvessa hits you but does no damage. Dowan casts a spell at you.
The puff of frost hits you.
* * * LOW HITPOINT WARNING * * *
Cast which spell? (? or * to list)
The spell is quite dangerous to cast (91% risk of failure)!
Continue anyway?
You miscast Blink.
You are very lightly contaminated with residual magic.
Nothing appears to happen.
Duvessa hits you with a +2 short sword of speed.
* * * LOW HITPOINT WARNING * * *
Dowan hits you with a +0 dagger.
You die...

. #.######.# #
#. #.##<....#.#
##.##.######...#
#.....# ##..#
#..#..# .....
#..#..# #....#
#....)# ....#
#.###e# >..... #
#@# ###... #e#
... #.# ... ###


You could see Duvessa (very poisoned) and Dowan (very poisoned).

Vanquished Creatures
  A sky beast (D:3)
  2 adders
  4 orcs (D:3)
  3 endoplasms
  5 giant cockroaches
  5 goblins
  8 hobgoblins
  A quokka (D:2)
  7 ball pythons
  3 bats (D:1)
  A frilled lizard (D:1)
  4 kobolds
  5 rats
49 creatures vanquished.

Notes
Turn   | Place    | Note
-------+----------+-------------------------------------------
     0 | D:1      | Kangaroobicon the Palentonga Warper began the quest for the
                  | Orb.
     0 | D:1      | Reached XP level 1. HP: 17/17 MP: 3/3
    58 | D:1      | Reached skill level 1 in Armour
   118 | D:1      | Reached XP level 2. HP: 5/23 MP: 5/5
   499 | D:1      | Reached XP level 3. HP: 11/28 MP: 6/6
  1361 | D:3      | Noticed a sky beast
  1368 | D:3      | Killed a sky beast
  1369 | D:3      | Reached skill level 1 in Slings
  1369 | D:3      | Reached XP level 4. HP: 6/36 MP: 7/7
  1401 | D:3      | Reached XP level 5. HP: 11/41 MP: 8/8
  1552 | D:3      | Found a glowing silver altar of Zin.
  2474 | D:4      | Learned a level 2 spell: Slow
  2478 | D:4      | Learned a level 3 spell: Vampiric Draining
  2481 | D:4      | Learned a level 2 spell: Blink
  2483 | D:4      | Learned a level 1 spell: Sandblast
  2496 | D:4      | Noticed Duvessa
  2497 | D:4      | Noticed Dowan
  2506 | D:4      | HP: 2/41 [Duvessa (5)]
  2506 | D:4      | Slain by Dowan

Illustrated notes

Levels and vault maps discovered:
D:1:      saegor_arrival_under_anarchy, layout_basic
D:2:      layout_basic, minmay_pentomino_s2
D:3:      layout_loops_corners, mainiacjoe_overflow_alcove_4,
          minmay_misc_feat_hallway, grunt_ministairs_15
D:4:      layout_basic, gammafunk_ghost_gnarly_gnolls, uniq_duvessa,
          uniq_natasha

Skill      XL: |  1  2  3 |
---------------+----------+-----
Armour         | 1 |  1.9
Maces & Flails | 3 |  3.1
Slings         | 1 |  1.3
Fighting       | |  2.5
Axes           | |  0.1
Throwing       | |  0.8
Dodging        | |  1.9
Spellcasting   | |  2.1
Translocations | |  3.3

Action                   |  1- 3 |  4- 6 || total
-------------------------+-------+-------++-------
Melee: Mace              |    67 |       ||    67
       Tailslap          |     4 |     3 ||     7
       Hand axe          |    15 |    22 ||    37
 Fire: Hunting sling     |    18 |    20 ||    38
Throw: Boomerang         |     3 |       ||     3
Armor: Leather armour    |     9 |       ||     9
       Chain mail        |    33 |    21 ||    54
Dodge: Dodged            |    31 |     7 ||    38
